 Dungeon Crawl Stone Soup version 0.18-a0-1088-g34ef3a2 (webtiles) character file.

1308 tof the Bolt Thrower (level 8, -9/61 HPs)
             Began as a Formicid Hunter on Jan 14, 2016.
             Was an Initiate of Ru.
             Mangled by a cyan ugly thing (13 damage)
             ... on level 6 of the Dungeon on Jan 15, 2016.
             The game lasted 00:20:35 (5405 turns).

tof the Bolt Thrower (Formicid Hunter)              Turns: 5405, Time: 00:20:35

Health: -9/61      AC:  9    Str: 18    XL:     8   Next: 88%
Magic:  0/8        EV: 11    Int: 10    God:    Ru [......]
Gold:   151        SH:  0    Dex: 13    Spells: 0 memorised, 7 levels left

rFire  . . .     SeeInvis +     a - +5 hand crossbow
rCold  + . .     Gourm    .     l - +1 scale mail {rC+}
rNeg   . . .     Faith    .     (no shield)
rPois  .         Spirit   +     (helmet unavailable)
rElec  .         Dismiss  .     B - +0 cloak
rCorr  .         Reflect  .     (no gloves)
SustAt .         Harm     .     (no boots)
MR     +....                    u - amulet of guardian spirit
Stlth  ++........               (no ring)
                                p - ring of protection from magic

@: somewhat resistant to hostile enchantments, unstealthy
A: permanent stasis, dig shafts and tunnels, four strong arms, antennae 3
a: Dig, Shaft Self, Renounce Religion


You were on level 6 of the Dungeon.
You worshipped Ru.
Ru was noncommittal.
You were not hungry.

You visited 2 branches of the dungeon, and saw 7 of its levels.

You collected 242 gold pieces.
You spent 91 gold pieces at shops.

Inventory:

Hand Weapons
 a - a +5 hand crossbow (weapon)
 b - a +2 dagger of speed
Missiles
 d - 48 bolts (quivered)
Armour
 l - a +1 scale mail of cold resistance (worn)
 B - a +0 cloak (worn)
Jewellery
 p - a ring of protection from magic (left hand)
 u - an amulet of guardian spirit (around neck)
Wands
 c - a wand of polymorph (10/24)
 z - a wand of draining (10/15)
Scrolls
 e - a scroll of blinking {unknown}
 h - 3 scrolls of recharging
 i - a scroll of immolation {unknown}
 j - 5 scrolls of identify
 s - a scroll of noise {unknown}
 t - a scroll of remove curse
 y - a scroll of fog {unknown}
 C - a scroll of enchant armour {unknown}
Potions
 m - a potion of mutation {unknown}
 o - 2 potions of flight {unknown}
 r - a potion of brilliance {unknown}
 v - a potion of lignification {unknown}
 x - a potion of resistance {unknown}
Books
 D - a book of Fire

   Spells                             Type                      Level
   a - Ignite Poison                  Fire/Transmutation/Poison    3
   b - Fireball                       Conjuration/Fire             5
   c - Bolt of Fire                   Conjuration/Fire             6
   d - Delayed Fireball               Conjuration/Fire             7
   e - Ring of Flames                 Charms/Fire                  7
Comestibles
 f - 4 bread rations
 k - a chunk of flesh
 n - 2 fruits
 q - 2 beef jerkies
 w - 3 meat rations


   Skills:
 + Level 4.5 Fighting
 * Level 7.0 Crossbows
 + Level 3.9 Armour
 + Level 3.8 Dodging
 * Level 6.8 Stealth


You had 7 spell levels left.
You didn't know any spells.

Dungeon Overview and Level Annotations

Branches:
Dungeon (6/15)             Temple (1/1) D:4

Altars:
Ashenzari
Cheibriados
Dithmenos
Elyvilon
Fedhas
Gozag
Kikubaaqudgha
Makhleb
Qazlal
Ru
Trog
Vehumet
Yredelemnul
Zin
The Shining One

Shops:
D:4 (

Annotations:
D:3 exclusion: oklob plant


Innate Abilities, Weirdness & Mutations

You are under a permanent stasis effect.
You can dig through walls and to a lower floor.
Your four strong arms can wield two-handed weapons with a shield.
You have a pair of large antennae on your head (SInv).


Message History

Press: ? - help, Shift-Dir - straight line, f/p - cyan ugly thing
Aim: a cyan ugly thing (almost dead)
You shoot a bolt.
The bolt barely misses the cyan ugly thing.
The cyan ugly thing punches you! The cyan ugly thing shocks you!
* * * LOW HITPOINT WARNING * * *
You are too injured to fight recklessly!
Really attack while wielding your +5 hand crossbow? [Y]es or [N]o only, please.
Really attack while wielding your +5 hand crossbow?
Okay, then.
Firing (i - inventory):
d - 49 bolts (quivered)
Press: ? - help, Shift-Dir - straight line, f/p - cyan ugly thing
Aim: a cyan ugly thing (almost dead)
You shoot a bolt.
The bolt barely misses the cyan ugly thing.
The cyan ugly thing punches you!
* * * LOW HITPOINT WARNING * * *
The cyan ugly thing shocks you!
You die...

#.... .# { { ##..#.# .
###.####..##.## # #.
...⌠.....###.## #.#.
###.####..##.#. #....
#(#.#.###..#.##
#..###.##.##.###...†.
#...u###.###....###(
####..@.##...##....# #.
.........#.....#..#.###.
#####.##...##....##.....
#. ######........... #
#######..... ###.## #.#
#.


You could see a cyan ugly thing.

Vanquished Creatures
  A hippogriff (D:5)
  An ice beast (D:5)
  5 phantoms
  A big kobold (D:6)
  A giant frog (D:6)
  A scorpion (D:6)
  2 crimson imps (D:5)
  An orc priest (D:5)
  A gnoll shaman (D:4)
  A hound (D:4)
  An iguana (D:4)
  Terence (D:2)
  An orc wizard (D:5)
  A worker ant (D:3)
  A hound zombie (D:5)
  2 gnolls (D:4)
  8 adders
  A shadow imp (D:5)
  An ooze (D:5)
  3 worms
  5 giant geckos
  9 orcs
  A ball python (D:3)
  9 bats
  6 giant cockroaches
  6 hobgoblins
  7 kobolds
  5 quokkas
  8 giant newts
  14 goblins
  2 rats (D:1)
107 creatures vanquished.

Vanquished Creatures (others)
  2 gnolls (D:4)
2 creatures vanquished.

Grand Total: 109 creatures vanquished

Notes
Turn   | Place    | Note
--------------------------------------------------------------
     0 | D:1      | tof the Formicid Hunter began the quest for the Orb.
     0 | D:1      | Reached XP level 1. HP: 16/16 MP: 1/1
    49 | D:1      | Reached XP level 2. HP: 19/22 MP: 2/2
   486 | D:1      | Reached XP level 3. HP: 28/28 MP: 3/3
  1725 | D:2      | Reached skill level 1 in Armour
  1725 | D:2      | Reached XP level 4. HP: 34/34 MP: 4/4
  1977 | D:2      | Reached skill level 5 in Crossbows
  2033 | D:2      | Noticed Terence
  2055 | D:2      | Killed Terence
  2572 | D:3      | Reached XP level 5. HP: 30/39 MP: 5/5
  2736 | D:3      | Found a blossoming altar of Fedhas.
  2748 | D:3      | Noticed an oklob plant
  3322 | D:3      | Found a burning altar of Makhleb.
  3628 | D:4      | Noticed a phantom
  3637 | D:4      | Killed a phantom
  3637 | D:4      | Reached XP level 6. HP: 45/47 MP: 6/6
  3699 | D:4      | Found Atacsymo's Antique Weapon Boutique.
  3713 | D:4      | Bought a glowing hand crossbow for 91 gold pieces
  3752 | D:4      | Upgraded the game from 0.18-a0-1078-gebb93d0 to 0.18-a0-1088-g34ef3a2
  3875 | D:4      | Found a staircase to the Ecumenical Temple.
  3881 | Temple   | Entered the Ecumenical Temple
  3983 | Temple   | Became a worshipper of Ru the Awakened
  4332 | D:5      | Entered Level 5 of the Dungeon
  4332 | D:5      | Noticed a phantom
  4338 | D:4      | Reached XP level 7. HP: 50/52 MP: 7/7
  4361 | D:5      | Reached skill level 6 in Crossbows
  4445 | D:5      | Found a snail-covered altar of Cheibriados.
  4577 | D:5      | Noticed a hippogriff
  4584 | D:5      | Killed a hippogriff
  4743 | D:5      | Reached skill level 5 in Stealth
  4743 | D:5      | Reached XP level 8. HP: 53/60 MP: 6/8
  5352 | D:6      | Reached skill level 7 in Crossbows
  5389 | D:6      | Noticed a cyan ugly thing
  5405 | D:6      | Mangled by a cyan ugly thing

Vault maps used:
D:1:      minmay_arrival_split_and_join
D:2:      kennysheep_generic_room_14, uniq_terence
D:3:      lemuel_coloured_pillars_altar, tgw_fedhas, minmay_fountain_box
D:4:      minmay_temple_entry_enclosed_plants, serial_shops, shop,
          lemuel_flame_loot_1
D:5:      nicolae_overflow_crystal_walls, first_bread
D:6:      overflow_temple_1_default, kb_rosetta
Temple:   circular_temple_12

Action                   |  1- 3 |  4- 6 |  7- 9 || total
-------------------------+-------+-------+-------++-------
Melee: Short sword       |    38 |    54 |       ||    92
       Dagger            |       |    42 |       ||    42
 Fire: Hand crossbow     |    71 |   106 |   102 ||   279
 Abil: Dig               |       |     1 |       ||     1
  Use: Scroll            |       |       |     2 ||     2
       Potion            |       |       |     3 ||     3
  Eat: Chunk             |     2 |     8 |     3 ||    13
       Fruit             |       |       |     1 ||     1
